 Dungeon Crawl Stone Soup version 0.31-a0-931-g7b59d4eb97 (webtiles) character file.

Game seed: 9556475809820348002

1262 Hubris850 the Ruffian (level 8, -5/59 HPs)
             Began as a Black Draconian Shapeshifter on Oct 19, 2023.
             Slain by a small abomination (14 damage)
             ... on level 5 of the Dungeon.
             The game lasted 00:14:10 (4720 turns).

Hubris850 the Ruffian (DrSh)                        Turns: 4720, Time: 00:14:11

Health: -5/59      AC:  7    Str: 23    XL:     8   Next: 27%
Magic:  8/8        EV: 12    Int: 13    God:
Gold:   214        SH:  0    Dex: 10    Spells: 7/7 levels left

rFire   . . .        a - melded +3 dagger (speed)
rCold   + . .        (shield currently unavailable)
rNeg    . . .        (body armour unavailable)
rPois   .            (helmet restricted)
rElec   +            H - +0 cloak
rCorr   .            (no gloves)
SInv    .            (no boots)
Will    .....        x - amulet of magic regeneration
Stlth   +            i - +6 ring of strength
HPRegen 0.29/turn    E - ring of protection from cold
MPRegen 0.51/turn

%: no passive effects
@: flux-form, glowing
A: glow, contaminating, breathe lightning, AC +6, unfitting armour, electricity
resistance, cold-blooded
a: Breathe Lightning, Begin Untransformation


You were on level 5 of the Dungeon.
You were something dangerously unstable.
You visited 1 branch of the dungeon, and saw 5 of its levels.

You collected 214 gold pieces.

Inventory:

Hand Weapons
 a - a +3 dagger of speed (melded)
 b - a +0 dagger of venom
 e - a +4 quarterstaff of chaos
 B - a +2 short sword of flaming
 C - a +2 whip of venom
Missiles
 l - 5 atropa-tipped darts
 n - 2 javelins
 p - 16 poisoned darts (quivered)
 v - a throwing net
Armour
 H - a +0 cloak (worn)
Jewellery
 i - a +6 ring of strength (left hand)
 x - an amulet of magic regeneration (around neck)
 E - a ring of protection from cold (right hand)
Talismans
 c - a flux talisman (active)
 j - a beast talisman
Wands
 m - a wand of quicksilver (6)
 r - a wand of roots (6)
 D - a wand of paralysis (3)
Scrolls
 o - a scroll of revelation
 s - a scroll of fog
 t - a scroll of amnesia
 y - 2 scrolls of teleportation
Potions
 d - 2 potions of enlightenment
 g - 2 potions of haste
 h - 6 potions of curing {unknown}
 k - a potion of lignification
 q - a potion of ambrosia {unknown}
 z - 2 potions of degeneration {unknown}
 F - a potion of might {unknown}


   Skills:
 - Level 1.1 Fighting
 - Level 1.7 Dodging
 + Level 7.7 Unarmed Combat
 + Level 7.1 Shapeshifting


You had 7 spell levels left.
You didn't know any spells.
Your spell library contained the following spells:

 Spells                   Type           Power      Damage    Failure   Level
 Kiss of Death            Conj/Necr      0%         2d5       30%         1
 Sublimation of Blood     Necr           0%         N/A       43%         2
 Wereblood                Tmut           0%         N/A       43%         2
 Confusing Touch          Hex            0%         N/A       67%         3
 Dazzling Flash           Conj/Hex       0%         N/A       67%         3
 Dispel Undead            Necr           0%         3d6       97%         4
 Agony                    Necr           0%         N/A       100%        5
 Silence                  Hex/Air        0%         N/A       100%        5
 Summon Hydra             Summ           0%         N/A       100%        7


Dungeon Overview and Level Annotations

Branches:
Dungeon (5/15)
 Temple: D:4-7

Altars:

Shops:
D:1 (   D:2 *   D:3 *

Portals:
Abyss: D:5

Annotations:
D:5 1 transporter, pokeman's ghost, novice DEHW


Innate Abilities, Weirdness & Mutations

You are something dangerously unstable.
You glow with magical radiation, making you easy to see and hit.
Foes you strike become dangerously contaminated with magical radiation.
You are incapable of wielding weapons or throwing items.
You can breathe wild blasts of lightning.
Your glossy black scales are hard. (AC +6)
You cannot fit into any form of body armour.
You are resistant to electric shocks. (rElec)
You are cold-blooded and may be slowed by cold attacks.


Message History

You tail-slap the kobold brigand.
The kobold brigand is severely wounded.
You hit the kobold brigand.
The kobold brigand shudders as magic cascades through it!!
You kill the kobold brigand!
Your Shapeshifting skill increases to level 7!
You hit the small abomination.
The small abomination begins to glow.
The small abomination is lightly damaged.
The small abomination hits you.
You hit the small abomination but do no damage.
The small abomination glows dangerously bright.
The small abomination is lightly damaged.
The small abomination hits you!!
You hit the small abomination.
The small abomination shudders as magic cascades through it.
The small abomination is heavily damaged.
The small abomination hits you.
You closely miss the small abomination.
Your tail-slap misses the small abomination.
The small abomination is heavily damaged.
The small abomination hits you!
You hit the small abomination.
The small abomination begins to glow.
The small abomination is heavily damaged.
The small abomination barely misses you.
The white imp shouts, "Accept thy failure, thou fulsome base-court beggar!"
You hit the small abomination.
The small abomination glows dangerously bright.
The small abomination is heavily damaged.
The small abomination closely misses you.
You hit the small abomination.
The small abomination shudders as magic cascades through it!
You destroy the small abomination!
The small abomination hits you!
* * * LOW HITPOINT WARNING * * *
Things that are here:
a +2 whip of distortion; an amulet of faith; 7 gold pieces You hit the small abomination.
The small abomination begins to glow.
The small abomination is lightly damaged.
The small abomination hits you!
You die...

####.#.#.# #.)#W..##.##...x.#©..#
.......#.# #..##.#.###..##.##....
####.###.# #...#,......#####....#
#.# #.###...###..#.##........#
##.###.##......#.#.##.........#
#......#.......#..:##..###....#
######.#......##5.W#..##5##....
##########.....##x#.K##.##..##..#
...............#p###..###...##...
############..##.#..##.....##....
.............©#©..∩#.#,,##.#.....
###########...#####..#**,#.#.....
#...###.##.####.##.....
#........###..###......
#......................
#####......................
#...........####........###


You could see a small abomination (contam) and a white imp.

Vanquished Creatures
  Menkaure (D:4)
  A small abomination (D:5)
  An ice beast (D:5)
  A black bear (D:4)
  An ogre (D:5)
  A centaur (D:4)
  A kobold brigand (D:5)
  Blork the orc (D:5)
  A jelly (D:4)
  2 hounds (D:5)
  An orc priest (D:5)
  Crazy Yiuf (D:5)
  Ijyb (D:3)
  Terence (D:3)
  2 iguanas
  3 orc wizards
  Robin (D:2)
  4 gnolls (D:3)
  4 adders
  3 worms
  5 dart slugs
  6 orcs
  10 bats
  8 endoplasms
  3 giant cockroaches
  16 goblins
  11 hobgoblins
  3 jackals (D:1)
  2 quokkas (D:1)
  6 ball pythons
  5 frilled lizards
  7 kobolds
  7 rats
121 creatures vanquished.

Notes
Turn   | Place    | Note
-------+----------+-------------------------------------------
     0 | D:1      | Hubris850 the Draconian Shapeshifter began the quest for
                  | the Orb.
     0 | D:1      | Reached XP level 1. HP: 16/16 MP: 1/1
   231 | D:1      | Reached XP level 2. HP: 23/23 MP: 2/2
   691 | D:1      | Found Orupsut's Antique Weapon Shop.
   704 | D:1      | Reached XP level 3. HP: 28/28 MP: 3/3
   783 | D:2      | Found Weiffud's General Store.
  1079 | D:2      | Noticed Robin
  1115 | D:2      | Killed Robin
  1116 | D:2      | Reached XP level 4. HP: 25/35 MP: 4/4
  1676 | D:3      | Noticed Terence
  1687 | D:3      | Killed Terence
  1750 | D:3      | Reached XP level 5. HP: 33/40 MP: 5/5
  1987 | D:3      | Noticed Ijyb
  1998 | D:3      | Killed Ijyb
  2102 | D:3      | Found Difeniam's General Store.
  2186 | D:3      | Reached skill level 5 in Unarmed Combat
  2442 | D:4      | Noticed Menkaure
  2448 | D:4      | Killed Menkaure
  2449 | D:4      | Reached skill level 5 in Shapeshifting
  2449 | D:4      | Reached XP level 6. HP: 47/47 MP: 6/6
  2897 | D:4      | Your scales start taking on a glossy black colour.
  2897 | D:4      | Reached XP level 7. HP: 34/52 MP: 7/7
  2897 | D:4      | Gained mutation: You are resistant to electric shocks.
                  | (rElec) [Black Draconian growth]
  3206 | D:5      | Entered Level 5 of the Dungeon
  3455 | D:5      | Found a transporter.
  3484 | D:5      | Found a transporter.
  3633 | D:5      | Found a one-way gate to the infinite horrors of the Abyss.
  3633 | D:5      | Noticed pokeman's ghost (novice DEHW)
  3772 | D:5      | Noticed Blork the orc
  3787 | D:5      | Killed Blork the orc
  4098 | D:5      | Reached XP level 8. HP: 43/59 MP: 8/8
  4194 | D:5      | Found a runed translucent door.
  4195 | D:5      | Noticed Crazy Yiuf
  4204 | D:5      | Killed Crazy Yiuf
  4720 | D:5      | Slain by a small abomination

Illustrated notes

Levels and vault maps discovered:
D:1:      sevenhm_arrival_forest_fort_large_4, layout_loops_cross, serial_shops,
          shop
D:2:      layout_loops_ring, serial_shops, shop, minmay_split_cup_large,
          uniq_robin
D:3:      layout_basic, serial_forest, infiniplex_forest_corner_1,
          infiniplex_forest_lined_room_2, infiniplex_forest_3_way,
          infiniplex_forest_clump_small, infiniplex_forest_end_2,
          infiniplex_forest_clump_C, infiniplex_forest_straight_2,
          infiniplex_forest_clump_curved, serial_shops, shop,
          nicolae_goblin_pals, uniq_terence
D:4:      layout_loops_cross, uniq_menkaure
D:5:      layout_basic, gammafunk_ghost_abyssal_escape, uniq_blork_the_orc,
          uniq_crazy_yiuf_cottage

Skill      XL: |  1  2  3  4  5  6  7  8 |
---------------+-------------------------+-----
Unarmed Combat | 4 5 6 7 |  7.7
Shapeshifting  | 4 5 6 7 |  7.1
Fighting       | |  1.1
Dodging        | |  1.7

Action                     |  1- 3 |  4- 6 |  7- 9 || total
---------------------------+-------+-------+-------++-------
  Melee: Unarmed           |    65 |       |    27 ||    92
         Tailslap          |     8 |    20 |    12 ||    40
         Dagger            |    36 |   149 |    43 ||   228
         Punch             |     3 |     4 |     3 ||    10
  Throw: Javelin           |     3 |     2 |       ||     5
         Dart              |       |    18 |     7 ||    25
Ability: Breathe Lightning |       |       |     4 ||     4
         Begin Untransform |       |       |     1 ||     1
  Evoke: Wand              |       |     6 |     2 ||     8
    Use: Scroll            |       |       |    11 ||    11
   Stab: Sleeping          |     2 |     1 |       ||     3
 Armour: Skin              |    52 |    50 |    39 ||   141
  Dodge: Dodged            |    69 |    43 |    22 ||   134
   Form: Flux              |       |       |     1 ||     1

Table legend: (Time is in decaauts)
 A = Elapsed time spent in this place.
 B = Non-inter-level travel time spent in this place.
 C = Inter-level travel time spent in this place.
 D = Time resting spent in this place.
 E = Time spent auto-exploring this place.
 F = Levels seen in this place.
 G = Mean time per level.
                   A        B        C        D        E       F      G
               +--------+--------+--------+--------+--------+-----+--------+
         Total |   4659 |   4537 |    122 |    293 |   3393 |   5 |  931.8 |
       Dungeon |   4659 |   4537 |    122 |    293 |   3393 |   5 |  931.8 |
               +--------+--------+--------+--------+--------+-----+--------+

Top non-repeatable levels by time:
     D:5: 1509 daAuts
     D:2: 821 daAuts
     D:3: 809 daAuts
     D:1: 770 daAuts
     D:4: 748 daAuts
